 Dungeon Crawl Stone Soup version 0.29.1-1-gd02db6906a (webtiles) character file.

Game seed: 1226486253774173022

39 funnyparkerb the Cutter (level 3, -1/20 HPs)
             Began as a Vine Stalker Monk on Sept 29, 2022.
             Slain by a gnoll
             ... wielding a +0 flail
              (8 damage)
             ... on level 2 of the Dungeon.
             The game lasted 00:01:30 (1270 turns).

funnyparkerb the Cutter (Vine Stalker Monk)         Turns: 1270, Time: 00:01:31

Health: -1/20      AC:  5    Str: 13    XL:     3   Next: 45%
Magic:  0/4        EV: 12    Int: 10    God:
Gold:   28         SH:  0    Dex: 18    Spells: 2/2 levels left

rFire   + . .      SeeInvis .   b - +0 dagger (venom)
rCold   . . .      Faith    .   (no shield)
rNeg    . . .      Spirit   +   k - +1 leather armour {rF+}
rPois   .          Reflect  .   (no helmet)
rElec   .          Harm     .   (no cloak)
rCorr   .          Rampage  .   i - +0 pair of gloves
Will    .....                   (no boots)
Stlth   ++........              j - amulet of magic regeneration
HPRegen 0.06/turn               (no ring)
MPRegen 0.49/turn               (no ring)

@: no status effects
A: fangs 2, magic shield, antimagic bite, no potion heal 2
a: no special abilities


You were on level 2 of the Dungeon.
You visited 1 branch of the dungeon, and saw 2 of its levels.

You collected 28 gold pieces.

Inventory:

Hand Weapons
 b - a +0 dagger of venom (weapon)
Armour
 i - a +0 pair of gloves (worn)
 k - a +1 leather armour of fire resistance (worn)
Jewellery
 j - an amulet of magic regeneration (around neck)
Scrolls
 d - a scroll of summoning {unknown}
 f - 2 scrolls of teleportation {unknown}
 g - 2 scrolls of amnesia {unknown}
 h - a scroll of silence {unknown}
 l - a scroll of enchant weapon {unknown}
Potions
 a - a potion of attraction {unknown}
 c - a potion of ambrosia
 e - a potion of degeneration {unknown}


   Skills:
 * Level 3.1 Fighting
 * Level 3.2 Short Blades
 * Level 2.7 Dodging
 + Level 2.8 Stealth


You had 2 spell levels left.
You didn't know any spells.
Your spell library contained the following spells:

 Spells                   Type           Power      Damage    Failure   Level
 Freezing Cloud           Conj/Ice/Air   0%         6-21      100%        5
 Simulacrum               Ice/Necr       0%         N/A       100%        6
 Polar Vortex             Ice            0%         N/A       100%        9


Dungeon Overview and Level Annotations

Branches:
Dungeon (2/15)

Altars:


Innate Abilities, Weirdness & Mutations

You have extremely sharp teeth.
When hurt, damage is shared between your health and your magic reserves.
Your bite disrupts and absorbs the magic of your enemies.
Potions cannot restore your health.


Message History

The frilled lizard misses you.
You hit the frilled lizard.
The frilled lizard is heavily wounded.
The frilled lizard bites you but does no damage.
You barely miss the frilled lizard.
The frilled lizard is heavily wounded.
The frilled lizard bites you but does no damage.
A frilled lizard is nearby!
You hit the frilled lizard but do no damage.
The frilled lizard is poisoned.
The frilled lizard is heavily wounded.
You kill the frilled lizard!
You now have 24 gold pieces (gained 7).
g - 2 scrolls labelled LACU GOINNAIF (gained 1)
l - a scroll labelled LALODGH SUTSOEMYF You now have 28 gold pieces (gained 4).
A gnoll comes into view. It is wielding a +0 flail.
A gnoll is nearby!
Found an emerald potion and 10 gold pieces.
Found an escape hatch in the ceiling. 2 gnolls come into view.
A gnoll is wielding a +0 vorpal flail.
Found 4 stones.
A gnoll comes into view. It is wielding a +0 club.
The gnoll shouts! x4
The gnoll hits you with a +0 flail.
You hit the gnoll.
The gnoll is poisoned.
Your bite misses the gnoll.
The gnoll is lightly wounded.
You hit the gnoll.
The gnoll is moderately wounded.
The gnoll hits you with a +0 flail!
You hit the gnoll.
The gnoll looks as sick as possible!
The gnoll is moderately wounded.
The gnoll completely misses you.
You hit the gnoll.
The gnoll is poisoned.
The gnoll is moderately wounded.
The gnoll hits you but does no damage.
The gnoll hits you with a +0 vorpal flail.
The gnoll attacks as you move away! The gnoll hits you with a +0 club.
The gnoll attacks as you move away! The gnoll hits you with a +0 flail!
You die...

.#######....##.....#
.# #....##.....# ..
.## #....##.....#
... ..#
#....##.....##...
..#
#................
..#
#................
..#
#................
..# #.........g....#
..# #####....@g....#
### #....gg.!..#
#..........#
#..........#
#.......$(...
#...........#
###########.. ##


You could see 4 gnolls.

Vanquished Creatures
  2 dart slugs (D:1)
  4 bats (D:1)
  2 endoplasms (D:1)
  5 goblins
  A hobgoblin (D:1)
  2 quokkas (D:1)
  5 ball pythons (D:1)
  6 frilled lizards
  5 kobolds (D:1)
  A rat (D:2)
33 creatures vanquished.

Vanquished Creatures (others)
  A rat (D:1)
1 creature vanquished.

Grand Total: 34 creatures vanquished

Notes
Turn   | Place    | Note
-------+----------+-------------------------------------------
     0 | D:1      | funnyparkerb the Vine Stalker Monk began the quest for the
                  | Orb.
     0 | D:1      | Reached XP level 1. HP: 11/11 MP: 2/2
   174 | D:1      | Reached XP level 2. HP: 13/16 MP: 3/3
   621 | D:1      | Reached XP level 3. HP: 16/20 MP: 4/4
  1270 | D:2      | Slain by a gnoll

Illustrated notes

Levels and vault maps discovered:
D:1:      elethiomel_arrival_quiet, layout_basic
D:2:      layout_basic, shapermc_ecumenical_altar_rom_forum, uniq_natasha

Skill      XL: |  1  2 |
---------------+-------+-----
Fighting       | 3 |  3.1
Short Blades   | 3 |  3.2
Dodging        | |  2.7
Stealth        | |  2.8

Action                   || total
-------------------------++-------
Melee: Short sword       ||    12
       Bite              ||    19
       Dagger            ||    79
 Stab: Sleeping          ||     4
Armor: Robe              ||    15
       Leather armour    ||    15
Dodge: Dodged            ||    55
